 Dungeon Crawl Stone Soup version 0.26.1-11-gd32895ea62 (webtiles) character file.

Game seed: 12794538158555290223

40 Zeld the Digger (level 3, -5/20 HPs)
             Began as a Gargoyle Earth Elementalist on June 12, 2021.
             Killed from afar by Natasha (7 damage)
             ... with a magic dart
             ... on level 2 of the Dungeon.
             The game lasted 00:01:31 (1058 turns).

Zeld the Digger (Gargoyle Earth Elementalist)       Turns: 1058, Time: 00:01:31

Health: -5/20      AC:  5    Str: 11    XL:     3   Next: 50%
Magic:  1/6        EV: 12    Int: 16    God:
Gold:   49         SH:  0    Dex: 10    Spells: 0/6 levels left

rFire    . . .     SeeInvis .   (no weapon)
rCold    . . .     Faith    .   (no shield)
rNeg     + . .     Spirit   .   c - +0 robe
rPois    ∞         Reflect  .   (no helmet)
rElec    +         Harm     .   (no cloak)
rCorr    .         Rampage  .   (no gloves)
Will     .....                  (no boots)
Stlth    ++........             (no amulet)
HPRegen  0.06/turn              (no ring)
MPRegen  0.10/turn              (no ring)

@: no status effects
A: negative energy resistance 1, electricity resistance, unbreathing,
petrification resistance, miasma immunity, AC +3
a: no special abilities


You were on level 2 of the Dungeon.
You visited 1 branch of the dungeon, and saw 2 of its levels.

You collected 49 gold pieces.

Inventory:

Missiles
 b - 11 stones (quivered)
Armour
 c - a +0 robe (worn)
Scrolls
 d - 2 scrolls of teleportation {unknown}
 e - a scroll of noise {unknown}
 f - a scroll of enchant weapon {unknown}
 i - a scroll of magic mapping {unknown}
Potions
 a - a potion of heal wounds {unknown}
 g - 2 potions of flight {unknown}
 h - a potion of curing {unknown}


   Skills:
 + Level 1.2 Fighting
 + Level 2.0 Dodging
 + Level 2.6 Stealth
 + Level 2.3 Spellcasting
 - Level 1.0 Transmutations
 + Level 4.0 Earth Magic


You couldn't memorise any spells.
You knew the following spells:

 Your Spells              Type           Power        Failure   Level
a - Sandblast             Erth           28%          3%          1
b - Passwall              Tmut/Erth      7%           11%         2
c - Stone Arrow           Conj/Erth      16%          26%         3

Your spell library contained the following spells:

 Spells                   Type           Power        Failure   Level
 Petrify                  Tmut/Erth      9%           56%         4
 Lee's Rapid Deconstruct  Erth           7%           71%         5


Dungeon Overview and Level Annotations

Branches:
Dungeon (2/15)

Altars:

Annotations:
D:2 Natasha


Innate Abilities, Weirdness & Mutations

You are resistant to torment.
Your stone body is resilient. (AC +3)
You are immune to poison.
You resist negative energy. (rN+)
You are resistant to electric shocks. (rElec)
You can survive without breathing.
You are immune to petrification.
You are immune to miasma.


Message History

Natasha claws you.
* * * LOW HITPOINT WARNING * * *
You closely miss Natasha.
Natasha is moderately wounded.
Natasha claws you.
* * * LOW HITPOINT WARNING * * *
Casting: Sandblast (safe; 3% risk of failure)
Confirm with . or Enter, or press ? or * to list all spells.
Aiming: Sandblast (safe; 3% risk of failure)
Press: ? - help, Shift-Dir - straight line, f/p - Natasha
Aim: Natasha (moderately wounded, 26% to evade)
The blast of sand hits Natasha.
Natasha is heavily wounded.
b - 11 stones Natasha barely misses you.
Unknown command.
Natasha completely misses you.
Natasha stares at you and mumbles some strange words.
The magic dart hits you!
You die...

#...........# #...........#
r..... #.#.....#+##### .....##
####'#+###†......+ ......#
#........#.....### h......
###........#.....# .......
..'........###'### .......
###........###.##########.......
..+........+....@h.5....'..†....
.##........##############.......
...........# ###...#
...........# ... ###........# #
..'........# ###..[.....#
....<......# ############


You could see Natasha and a white imp (summoned).

Vanquished Creatures
  An ooze (D:1)
  2 dart slugs
  A leopard gecko (D:1)
  A giant cockroach (D:1)
  6 goblins
  5 hobgoblins (D:1)
  5 kobolds
  3 bats (D:1)
  3 frilled lizards (D:1)
  A rat (D:1)
28 creatures vanquished.

Notes
Turn   | Place    | Note
-------+----------+-------------------------------------------
     0 | D:1      | Zeld the Gargoyle Earth Elementalist began the quest for
                  | the Orb.
     0 | D:1      | Reached XP level 1. HP: 10/10 MP: 3/3
   198 | D:1      | Reached XP level 2. HP: 16/16 MP: 0/5
   204 | D:1      | Reached skill level 1 in Transmutations
   207 | D:1      | Learned a level 2 spell: Passwall
   481 | D:1      | Reached XP level 3. HP: 20/20 MP: 4/6
   482 | D:1      | Reached skill level 1 in Fighting
   486 | D:1      | Learned a level 3 spell: Stone Arrow
   750 | D:1      | Reached skill level 4 in Earth Magic
  1038 | D:2      | Noticed Natasha
  1058 | D:2      | Killed from afar by Natasha

Illustrated notes

Levels and vault maps discovered:
D:1:      kennysheep_arrival_forest, layout_basic
D:2:      layout_basic, nicolae_overflow_crystal_walls, uniq_natasha

Skill      XL: |  1  2  3 |
---------------+----------+-----
Transmutations | 1 |  1.0
Fighting       | 1 |  1.2
Earth Magic    | 4 |  4.0
Dodging        | 2 |  2.0
Stealth        | |  2.6
Spellcasting   | |  2.3

Action                   || total
-------------------------++-------
Melee: Unarmed           ||     9
 Cast: Sandblast         ||    41
Armor: Robe              ||     5
Dodge: Dodged            ||    19
